Map: Acid Plant LE

Players

Pain - Winner!

  • Race: Terran Terran
  • Spawn Location: 11:00

A.I. 1 (Medium)

  • Race: Protoss Protoss
  • Spawn Location: 5:00

VOD

Have the link to the VOD?

Description

Time

  • Played on: March 20, 2018, 7:03 p.m.
  • Length: 14:20
Show
View Real Time Build Order
Export as new Build Order

Pain Terran - Winner!

Build Orders:  

Get SALT Encoding   

  12  0:02  SCV  
  13  0:15  SCV  
  13  0:19  Supply Depot  
  14  0:27  Refinery  
  14  0:29  SCV  
  15  0:45  Barracks  
  15  0:54  SCV  
  16  1:06  SCV  
  17  1:18  SCV  
  17  1:20  Barracks  
  18  1:31  SCV  
  19  1:35  Supply Depot  
  19  1:42  Marine  
  20  1:47  SCV  
  21  2:00  Marine  
  21  2:17  Marine  
  21  2:18  Orbital Command, Barracks Reactor  
  22  2:35  Marine  
  23  2:41  Command Center  
  23  2:50  Factory  
  23  2:52  SCV  
  23  2:56  Marine  
  25  3:04  SCV  
  26  4:01  Factory Reactor  
  26  4:02  Barracks Tech Lab  
  26  4:04  Factory Tech Lab  
  26  4:09  Refinery  
  26  4:12  SCV  
  26  4:15  Marine x2  
  29  4:24  SCV  
  30  4:33  Marine x2  
  30  4:36  SCV  
  33  4:45  Engineering Bay  
  33  4:48  SCV  
  33  4:50  Siege Tank  
  33  4:51  Marine x2  
  39  4:59  Stimpack  
  39  5:00  SCV  
  39  5:05  SCV  
  41  5:09  Marine x2  
  41  5:12  SCV  
  44  5:17  SCV  
  45  5:25  SCV  
  45  5:27  Factory  
  46  5:32  Siege Tank, SCV  
  50  5:37  SCV  
  51  5:44  SCV  
  51  5:48  Supply Depot  
  51  5:49  SCV  
  53  5:58  Marine  
  54  6:10  Siege Tank  
  54  6:11  Supply Depot  
  57  6:15  SCV  
  57  6:16  Marine  
  59  6:22  Supply Depot  
  59  6:27  SCV  
  59  6:32  Starport  
  60  6:33  Supply Depot  
  60  6:34  Armory, Marine  
  60  6:35  Factory Tech Lab  
  60  6:39  SCV  
  62  6:46  Supply Depot  
  62  6:51  Siege Tank, Marine  
  66  6:56  Refinery  
  66  7:00  SCV  
  67  7:02  Refinery  
  67  7:08  Supply Depot  
  67  7:09  Marine  
  67  7:12  SCV  
  69  7:19  Missile Turret  
  69  7:23  Siege Tank  
  69  7:24  SCV  
  69  7:28  Marauder  
  75  7:36  SCV  
  76  7:42  Missile Turret, Bunker  
  76  7:49  Marauder  
  76  7:50  Terran Infantry Weapons Level 1  
  79  7:57  Engineering Bay  
  79  8:00  Orbital Command  
  79  8:03  SCV  
  79  8:14  Supply Depot  
  79  8:15  SCV  
  80  8:27  SCV  
  80  8:29  Marine x3  
  81  8:37  Supply Depot  
  81  8:39  SCV  
  82  8:47  Marine x2  
  82  8:48  Marauder  
  86  8:51  SCV  
  86  8:52  Siege Tank  
  90  8:57  Siege Tank  
  90  9:02  Medivac  
  95  9:05  Marine x2  
  95  9:09  Marauder  
  99  9:12  Terran Infantry Armor Level 1  
  99  9:17  Supply Depot  
  99  9:20  Terran Vehicle Weapons Level 1  
  99  9:23  Marine x2  
  101  9:24  Siege Tank  
  101  9:27  SCV  
  101  9:31  Marauder  
  107  9:39  SCV  
  107  9:44  Command Center  
  107  9:51  SCV  
  107  9:52  Marauder  
  110  9:56  Siege Tank  
  113  10:03  SCV  
  114  10:24  Starport Reactor  
  106  10:29  Siege Tank  
  98  10:43  Marine x2  
  98  10:47  Marauder  
  102  10:52  Siege Tank  
  105  11:01  Siege Tank, Marine x2  
  105  11:09  Marauder  
  107  11:17  Terran Infantry Weapons Level 2  
  107  11:18  Terran Infantry Armor Level 2  
  107  11:19  Marine x2  
  107  11:24  Siege Tank  
  113  11:25  SCV  
  113  11:30  Marauder  
  113  11:31  Refinery  
  115  11:33  Siege Tank  
  115  11:37  SCV, Marine x2  
  119  11:41  Refinery  
  119  11:49  SCV  
  119  11:50  Medivac x2  
  119  11:51  Marauder  
  126  11:56  Siege Tank  
  129  12:02  SCV  
  129  12:05  Siege Tank  
  132  12:13  Marauder  
  132  12:14  SCV  
  134  12:20  Medivac  
  136  12:24  Marine x2  
  138  12:34  Siege Tank, Marauder  
  142  12:37  Siege Tank  
  142  12:42  Marine x2  
  145  12:56  Marauder  
  144  12:59  Marine  
  144  13:00  Marine  
  146  13:09  Siege Tank x2  
  146  13:11  Medivac  
  154  13:14  SCV  
  154  13:17  Marine x2, Marauder  
  154  13:18  SCV x2  
  158  13:26  SCV  
  156  13:30  SCV x2  
  158  13:38  SCV, Marauder  
  161  13:41  Siege Tank x2  
  161  13:42  SCV  
  161  13:43  SCV  
  169  13:50  SCV  
  169  13:55  SCV x2  
  167  14:02  SCV  
Show
View Real Time Build Order
Export as new Build Order

A.I. 1 (Medium) Protoss 

Build Orders: 1 Gate Expand 

Get SALT Encoding   

  12  0:00  Probe  
  13  0:13  Probe  
  14  0:20  Pylon  
  14  0:25  Probe  
  15  0:34  Probe  
  15  0:42  Probe  
  17  0:50  Gateway  
  17  1:09  Nexus, Probe  
  18  1:29  Pylon  
  18  1:33  Assimilator  
  18  1:37  Zealot  
  20  1:42  Cybernetics Core  
  20  1:43  Probe  
  21  1:54  Probe  
  22  2:02  Probe  
  22  2:07  Gateway  
  23  2:10  Probe  
  23  2:13  Stalker  
  24  2:22  Probe, Pylon  
  27  2:30  Assimilator  
  27  2:35  Probe  
  28  2:41  Adept  
  30  2:50  Adept  
  30  2:56  Warp Gate  
  30  2:58  Assimilator  
  32  3:05  Assimilator  
  32  3:07  Stalker  
  34  3:20  Probe  
  35  3:27  Probe  
  35  3:31  Stalker  
  35  3:32  Probe  
  39  3:39  Probe  
  39  3:44  Probe  
  39  3:45  Stalker  
  40  3:51  Probe  
  43  3:56  Probe  
  44  4:05  Pylon  
  44  4:06  Sentry, Probe  
  47  4:10  Probe  
  48  4:18  Probe  
  48  4:22  Probe  
  50  4:27  Zealot  
  50  4:31  Pylon  
  52  4:32  Probe  
  52  4:35  Probe  
  54  4:44  Zealot, Probe  
  55  4:47  Probe  
  58  4:56  Probe  
  59  5:01  Probe  
  59  5:02  Pylon  
  59  5:04  Stalker  
  62  5:08  Probe  
  62  5:13  Probe  
  64  5:22  Stalker  
  64  5:25  Probe  
  67  5:28  Pylon  
  67  5:31  Robotics Facility  
  68  5:35  Probe  
  68  5:38  Probe  
  68  5:41  Stalker  
  71  5:47  Forge  
  71  5:50  Probe  
  71  5:51  Probe  
  71  5:52  Pylon  
  73  6:00  Stalker  
  73  6:02  Probe  
  73  6:03  Probe  
  77  6:10  Probe, Pylon  
  77  6:14  Pylon  
  77  6:15  Probe  
  77  6:17  Observer  
  79  6:18  Stalker, Probe  
  79  6:25  Stargate  
  83  6:26  Photon Cannon  
  83  6:27  Probe, Photon Cannon  
  83  6:30  Twilight Council  
  83  6:31  Observer  
  84  6:35  Gateway  
  84  6:37  Sentry  
  84  6:39  Photon Cannon  
  87  6:44  Photon Cannon  
  87  6:49  Forge  
  87  9:33  Nexus  
  87  9:57  Protoss Ground Weapons Level 1  
  87  10:04  Protoss Ground Armor Level 1  
  87  10:06  Warp Prism, Void Ray  
  93  10:18  Gateway  
  93  10:22  Robotics Facility  
  93  10:28  Pylon  
  91  10:29  Zealot  
  91  10:30  Dark Shrine  
  63  10:38  Adept  
  63  10:39  Warp Prism  
  65  10:43  Probe  
  65  10:48  Zealot  
  70  10:51  Assimilator  
  70  10:57  Zealot, Assimilator  
  70  11:00  Probe  
  64  11:06  Sentry  
  64  11:07  Probe  
  64  11:09  Observer  
  64  11:10  Probe  
  61  11:14  Zealot, Warp Prism  
  60  11:19  Probe  
  60  11:22  Probe  
  60  11:23  Stalker  
  51  11:25  Warp Prism  
  51  11:31  Probe  
  49  11:33  Stalker  
  49  11:34  Probe  
  46  11:42  Stalker  
  46  11:43  Probe  
  46  11:46  Probe  
  50  11:51  Zealot, Observer  
  51  11:55  Probe  
  51  11:56  Immortal  
  51  11:58  Probe  
  50  12:07  Probe  
  50  12:08  Void Ray  
  59  12:10  Probe  
  59  12:11  Warp Prism  
  56  12:17  Adept  
  56  12:19  Probe  
  58  12:22  Probe  
  58  12:27  Sentry  
  58  12:28  Probe  
  59  12:35  Probe, Warp Prism  
  59  12:36  Stalker, Probe  
  64  12:38  Immortal  
  59  12:46  Probe, Pylon  
  59  12:47  Probe  
  56  12:53  Zealot  
  56  12:57  Photon Cannon  
  45  12:59  Probe  
  45  13:02  Zealot, Photon Cannon  
  44  13:09  Void Ray  
  44  13:11  Probe  
  44  13:17  Immortal  
  46  13:23  Probe  
  43  13:33  Stalker  
  43  13:35  Probe  
  42  13:42  Zealot  
  42  13:47  Probe  
  42  13:49  Adept  
  35  13:55  Stalker  
  35  13:59  Probe  
  35  14:02  Sentry  
  34  14:08  Zealot  
  16  14:15  Zealot  
Tags
 
Matchup
PvT
Replay Pack
RP
Spawn Locations
Cross Positions
Add a new tag
Caveats
  • Supply blocks, unpowered buildings, or Contaminate may cause inaccurate times.
  • Supply counts are checked every 10 seconds.